 Dungeon Crawl Stone Soup version 0.31-a0-177-g4aa6249778 (webtiles) character file.

Game seed: 6738557309177163401

798 qw the Shooter (level 7, -4/64 HPs)
             Began as a Naga Hunter on June 18, 2023.
             Was a Follower of Okawaru.
             Slain by a hornet (9 damage)
             ... on level 7 of the Dungeon.
             The game lasted 00:01:40 (4905 turns).

qw the Shooter (Naga Hunter)                        Turns: 4905, Time: 00:01:41

Health: -4/64      AC: 16    Str: 13    XL:     7   Next: 89%
Magic:  6/8        EV:  9    Int: 10    God:    Okawaru [*.....]
Gold:   80         SH:  0    Dex: 13    Spells: 6/6 levels left

rFire   . . .        Y - +2 shortbow
rCold   . . .        (shield currently unavailable)
rNeg    . . .        c - +0 leather armour
rPois   +            b - +2 hat
rElec   .            (no cloak)
rCorr   .            f - +0 pair of gloves
SInv    +            a - +3 barding "Custrilu" {Rampage +Inv Will+ Dex-3}
Will    +....        (no amulet)
Stlth   +++          (no ring)
HPRegen 0.30/turn    (no ring)
MPRegen 0.11/turn

%: rampage
@: lethally poisoned (-4 -> -14), about to teleport, short of breath, heroic,
slowed, very slow
A: AC +2, large, see invisible, deformed body, poison resistance, slowness 2,
spit poison 1, naga tail 1
a: Spit Poison, Renounce Religion, Evoke Invisibility, Heroism


You were on level 7 of the Dungeon.
You worshipped Okawaru.
Okawaru was aware of your devotion.
You visited 2 branches of the dungeon, and saw 8 of its levels.

You collected 273 gold pieces.
You spent 193 gold pieces at shops.


Innate Abilities, Weirdness & Mutations

Your serpentine skin is tough. (AC +2)
You have supernaturally acute eyesight. (SInv)
Armour fits poorly on your strangely shaped body.
Your system is resistant to poisons. (rPois)
You cover ground very slowly.
You can spit poison.
You have a snake-like lower body.


   Skills:
 - Level 4.2(9.2) Fighting
 + Level 7.3(12.3) Ranged Weapons
 - Level 1.5(6.5) Armour
 - Level 1.5(6.5) Dodging
 - Level 1.5(6.5) Stealth
 + Level 1.9 Invocations


You had 6 spell levels left.
You didn't know any spells.
Your spell library was empty.

Inventory:

Hand Weapons
 Y - a +2 shortbow (weapon)
Armour
 a - the +3 barding "Custrilu" (worn) {Rampage +Inv Will+ Dex-3}
   (You acquired it on level 2 of the Dungeon)

   Dex:       It affects your dexterity (-3).
   +Inv:      It lets you turn invisible.
   Rampage:   It bestows one free step when moving towards enemies.
   Will:      It increases your willpower.
 b - a +2 hat (worn)
 c - a +0 leather armour (worn)
 f - a +0 pair of gloves (worn)
Scrolls
 g - 2 scrolls of teleportation
 n - a scroll of identify
Potions
 d - a potion of lignification {unknown}
 e - a potion of ambrosia {unknown}
 h - a potion of brilliance {unknown}
 i - 5 potions of curing
 j - a potion of enlightenment
 l - a potion of heal wounds
 m - a potion of invisibility {unknown}
 o - a potion of berserk rage {unknown}

Dungeon Overview and Level Annotations

Branches:
Dungeon (6/15)             Temple (1/1) D:4

Altars:
Dithmenos
Fedhas
Gozag
Hepliaklqana
Kikubaaqudgha
Makhleb
Nemelex Xobeh
Okawaru
Qazlal
Ru
Sif Muna
Trog
Uskayaw
Vehumet
Xom
Yredelemnul
Zin
The Shining One

Shops:
D:1 =   D:2 !   D:4 :=*

Annotations:
D:5 1 runed translucent door, Crazy Yiuf
D:7 Duvessa


Message History

You shoot an arrow. The arrow hits the hornet!
The hornet is moderately wounded.
You feel very sick. The hornet stings you! The hornet stings you.
You suddenly lose the ability to move!
You feel sick.
The hornet stings you but does no damage.
You can move again.
4901 ||| INVOKING Heroism.
You gain the combat prowess of a mighty hero.
You feel sick. The hornet stings you.
You feel yourself slow down. The hornet stings you.
You feel as though you will be slow longer.
You shoot an arrow.
The arrow hits the hornet but does no damage.
The hornet is moderately wounded.
You feel sick. The hornet closely misses you. The hornet stings you.
You shoot an arrow. The arrow closely misses the hornet.
You have got your breath back.
You feel sick.
You hear a shout!
The hornet stings you but does no damage.
The hornet stings you.
4904 ||| INVOKING Spit Poison.
Aiming: Spit Poison (1% risk of failure)
Press: ? - help, Shift-Dir - straight line, f/p - hornet The splash of poison hits the hornet!
The hornet is poisoned.
The hornet is heavily wounded.
You feel sick. The hornet closely misses you.
Duvessa, Sister of Dowan comes into view.
She is wielding a +0 rapier.
The hornet stings you!
4905 ||| READING 3 scrolls of teleportation.
As you read the scroll of teleportation, it crumbles to dust.
You feel strangely unstable.
You feel sick.
You are no longer poisoned.
The hornet stings you.
You are lethally poisoned!
The hornet stings you!
You die...

... #### ... ####
##...##.##...##
#.8.8.#.#.8.8.#
#.._..#.#.._..#
#.8...#.#.(.8.#
#...'#.#'...#
#..#####...#####.+
#..?...@.}........
##.#####ye.#####.#
#..h'#.#'...##
#.8.hh#.#...8.#
#.._..#.#.._..#
#.8.8.#.#.8?8.#
##...##.##...##
#### ...##### #.#


You could see Duvessa and a hornet (poisoned).

Vanquished Creatures
  2 ogres (D:4)
  A centaur (D:5)
  A scorpion (D:5)
  3 howler monkeys (D:7)
  A hound (D:5)
  An orc priest (D:4)
  2 jellies
  5 orc wizards
  5 adders
  A shadow imp (D:5)
  A worm (D:2)
  A dart slug (D:1)
  11 orcs
  3 endoplasms
  A giant cockroach (D:2)
  10 goblins
  9 hobgoblins
  3 jackals (D:2)
  8 ball pythons
  2 bats
  4 frilled lizards
  7 kobolds
  2 rats
84 creatures vanquished.

Notes
Turn   | Place    | Note
-------+----------+-------------------------------------------
     0 | D:1      | qw the Naga Hunter began the quest for the Orb.
     0 | D:1      | Reached XP level 1. HP: 19/19 MP: 1/1
     0 | D:1      | 0 ||| qw: Version: 0.3-a-7-ge0c9b40
     0 | D:1      | 0 ||| qw: Game counter: 800
     0 | D:1      | 0 ||| qw: Always use a shield: true
     0 | D:1      | 0 ||| qw: God list: Okawaru
     0 | D:1      | 0 ||| qw: Allow faded altars: false
     0 | D:1      | 0 ||| qw: Do Orc after D:15 true
     0 | D:1      | 0 ||| qw: Do second Lair branch before Depths: true
     0 | D:1      | 0 ||| qw: Lair rune preference: random
     0 | D:1      | 0 ||| qw: Plans: Normal
     0 | D:1      | 0 ||| PLANNING D:1-11
   149 | D:1      | 149 ||| INVOKING Spit Poison.
   182 | D:1      | Found Cakeeropp's Jewellery Boutique.
   187 | D:1      | 187 ||| SHOPLISTING +4 ring of protection (360 gold, have
                  | 23).
   187 | D:1      | 187 ||| SHOPLISTING amulet of regeneration (300 gold, have
                  | 23).
   187 | D:1      | 187 ||| SHOPLISTING ring of positive energy (200 gold, have
                  | 23).
   187 | D:1      | 187 ||| SHOPLISTING ring of resist corrosion (200 gold,
                  | have 23).
   208 | D:1      | 208 ||| INVOKING Spit Poison.
   302 | D:1      | 302 ||| INVOKING Spit Poison.
   303 | D:1      | Reached skill level 4 in Ranged Weapons
   303 | D:1      | Reached XP level 2. HP: 26/26 MP: 2/2
   510 | D:1      | 510 ||| INVOKING Spit Poison.
   689 | D:1      | 689 ||| UPGRADING to +0 pair of gloves.
   694 | D:1      | 694 ||| READING scroll labelled OPEPHO COEDGH.
   695 | D:1      | 695 ||| DROPPING scroll of butterflies.
   745 | D:2      | 745 ||| INVOKING Spit Poison.
   773 | D:2      | 773 ||| INVOKING Spit Poison.
   790 | D:2      | 790 ||| INVOKING Spit Poison.
   795 | D:2      | 795 ||| INVOKING Spit Poison.
   798 | D:2      | 798 ||| INVOKING Spit Poison.
   802 | D:2      | 802 ||| INVOKING Spit Poison.
   824 | D:2      | Reached XP level 3. HP: 32/32 MP: 3/3
   833 | D:2      | 833 ||| INVOKING Spit Poison.
   862 | D:2      | 862 ||| INVOKING Spit Poison.
   882 | D:2      | 882 ||| INVOKING Spit Poison.
   894 | D:2      | 894 ||| INVOKING Spit Poison.
   938 | D:2      | 938 ||| INVOKING Spit Poison.
   970 | D:2      | 970 ||| INVOKING Spit Poison.
  1072 | D:2      | 1072 ||| INVOKING Spit Poison.
  1077 | D:2      | 1077 ||| INVOKING Spit Poison.
  1081 | D:2      | 1081 ||| INVOKING Spit Poison.
  1085 | D:2      | 1085 ||| INVOKING Spit Poison.
  1115 | D:2      | 1115 ||| INVOKING Spit Poison.
  1151 | D:2      | Found Guobutz's Distillery.
  1158 | D:2      | 1158 ||| BUYING potion of curing (42 gold).
  1158 | D:2      | Bought a potion of curing for 42 gold pieces
  1158 | D:2      | 1158 ||| BUYING potion of enlightenment (70 gold).
  1158 | D:2      | Bought a potion of enlightenment for 70 gold pieces
  1158 | D:2      | 1158 ||| SHOPLISTING potion of haste (140 gold, have 34).
  1158 | D:2      | 1158 ||| SHOPLISTING potion of heal wounds (70 gold, have
                  | 34).
  1158 | D:2      | 1158 ||| SHOPLISTING potion of mutation (112 gold, have
                  | 34).
  1211 | D:2      | 1211 ||| INVOKING Spit Poison.
  1212 | D:2      | 1212 ||| INVOKING Spit Poison.
  1217 | D:2      | 1217 ||| INVOKING Spit Poison.
  1223 | D:2      | 1223 ||| INVOKING Spit Poison.
  1226 | D:2      | Reached skill level 5 in Ranged Weapons
  1252 | D:2      | 1252 ||| UPGRADING to +0 helmet.
  1257 | D:2      | 1257 ||| UPGRADING to +2 hat.
  1267 | D:2      | 1267 ||| DROPPING +0 helmet.
  1268 | D:2      | 1268 ||| READING scroll labelled EGUHAPNEGG.
  1269 | D:2      | 1269 ||| READING 2 scrolls labelled ULEMIN AWNUCWE.
  1272 | D:2      | 1272 ||| READING scroll labelled JEADOI VOSO.
  1273 | D:2      | 1273 ||| READING scroll labelled OSYSOUT KYFOAX.
  1273 | D:2      | Identified a scroll of acquirement
  1273 | D:2      | 1273 ||| ACQUIRING +3 barding "Custrilu" {Rampage +Inv
                  | Will+ Dex-3}
  1273 | D:2      | Acquired the +3 barding "Custrilu" {Rampage +Inv Will+
                  | Dex-3}
  1275 | D:2      | 1275 ||| UPGRADING to +3 barding "Custrilu" {Rampage +Inv
                  | Will+ Dex-3}.
  1482 | D:3      | 1482 ||| INVOKING Spit Poison.
  1484 | D:3      | Reached XP level 4. HP: 39/39 MP: 4/4
  1500 | D:3      | Found a faded altar of an unknown god.
  1550 | D:3      | 1550 ||| INVOKING Spit Poison.
  1939 | D:3      | 1939 ||| READING scroll labelled RITEBO XUIBBO.
  1940 | D:3      | 1940 ||| READING scroll labelled KUEP KORCHEESOELE.
  1941 | D:3      | 1941 ||| DRINKING 2 amethyst potions.
  1942 | D:3      | 1942 ||| DROPPING potion of degeneration.
  1967 | D:4      | Found Nyos's Assorted Antiques.
  1967 | D:4      | Found Nuatu's Jewellery Emporium.
  1967 | D:4      | Found Iheor Qite's Book Emporium.
  1969 | D:4      | 1969 ||| SHOPLISTING cloak (121 gold, have 110).
  1969 | D:4      | 1969 ||| SHOPLISTING runed sling (121 gold, have 110).
  1969 | D:4      | 1969 ||| BUYING scroll labelled DIASAVOAFI (27 gold).
  1969 | D:4      | Bought a scroll labelled DIASAVOAFI for 27 gold pieces
  1969 | D:4      | 1969 ||| BUYING scroll labelled ROORI ASTROAP (27 gold).
  1969 | D:4      | Bought a scroll labelled ROORI ASTROAP for 27 gold pieces
  1969 | D:4      | 1969 ||| BUYING scroll labelled TEISAC JETE (27 gold).
  1969 | D:4      | Bought a scroll labelled TEISAC JETE for 27 gold pieces
  1969 | D:4      | 1969 ||| READING scroll labelled DIASAVOAFI.
  1970 | D:4      | 1970 ||| READING scroll labelled ROORI ASTROAP.
  1971 | D:4      | 1971 ||| READING scroll labelled TEISAC JETE.
  1972 | D:4      | 1972 ||| PLANNING TEMPLE
  2016 | D:4      | 2016 ||| INVOKING Spit Poison.
  2047 | D:4      | 2047 ||| INVOKING Spit Poison.
  2052 | D:4      | 2052 ||| INVOKING Spit Poison.
  2054 | D:4      | Reached skill level 1 in Armour
  2057 | D:4      | 2057 ||| INVOKING Spit Poison.
  2062 | D:4      | 2062 ||| INVOKING Spit Poison.
  2065 | D:4      | Reached XP level 5. HP: 32/46 MP: 5/5
  2066 | D:4      | 2066 ||| INVOKING Spit Poison.
  2072 | D:4      | 2072 ||| INVOKING Spit Poison.
  2079 | D:4      | 2079 ||| INVOKING Spit Poison.
  2084 | D:4      | 2084 ||| INVOKING Spit Poison.
  2087 | D:4      | 2087 ||| INVOKING Spit Poison.
  2088 | D:4      | 2088 ||| INVOKING Spit Poison.
  2089 | D:4      | Reached skill level 3 in Fighting
  2095 | D:4      | 2095 ||| INVOKING Spit Poison.
  2156 | D:4      | Noticed an ogre
  2158 | D:4      | 2158 ||| INVOKING Spit Poison.
  2162 | D:4      | 2162 ||| INVOKING Spit Poison.
  2163 | D:4      | HP: 8/49 [ogre/+0 giant club (22)]
  2164 | D:4      | 2164 ||| READING scroll of teleportation.
  2166 | D:4      | 2166 ||| INVOKING Spit Poison.
  2166 | D:4      | Killed an ogre
  2167 | D:4      | Reached XP level 6. HP: 10/56 MP: 6/6
  2334 | D:4      | 2334 ||| SHOPLISTING amulet "Ybivoh" {rPois rF- Regen+
                  | rCorr} (398 gold, have 39).
  2334 | D:4      | 2334 ||| SHOPLISTING amulet of reflection (300 gold, have
                  | 39).
  2334 | D:4      | 2334 ||| SHOPLISTING amulet of regeneration (300 gold, have
                  | 39).
  2334 | D:4      | 2334 ||| SHOPLISTING amulet of the Four Winds {rN+ Will+++
                  | Clar} (607 gold, have 39).
  2334 | D:4      | 2334 ||| SHOPLISTING ring of the King {Str+2 SInv Stlth+}
                  | (290 gold, have 39).
  2356 | D:4      | Found a staircase to the Ecumenical Temple.
  2357 | D:4      | 2357 ||| READING scroll labelled COLIOR GURUUMU.
  2366 | Temple   | Entered the Ecumenical Temple
  2456 | Temple   | 2456 ||| PLANNING OKAWARU WORSHIP
  2638 | Temple   | Became a worshipper of Warmaster Okawaru
  2639 | Temple   | 2639 ||| PLANNING D:1-11
  2701 | D:4      | 2701 ||| INVOKING Spit Poison.
  2708 | D:4      | 2708 ||| INVOKING Spit Poison.
  2798 | D:4      | 2798 ||| INVOKING Spit Poison.
  2803 | D:4      | 2803 ||| INVOKING Spit Poison.
  2808 | D:4      | 2808 ||| INVOKING Spit Poison.
  2813 | D:4      | 2813 ||| INVOKING Spit Poison.
  2814 | D:4      | Reached skill level 6 in Ranged Weapons
  3006 | D:4      | 3006 ||| INVOKING Spit Poison.
  3669 | D:5      | Entered Level 5 of the Dungeon
  3670 | D:5      | 3670 ||| STAIRDANCE
  3674 | D:5      | 3674 ||| STAIRDANCE
  3678 | D:5      | 3678 ||| STAIRDANCE
  3680 | D:4      | 3680 ||| INVOKING Spit Poison.
  3769 | D:5      | 3769 ||| STAIRDANCE
  3773 | D:5      | 3773 ||| STAIRDANCE
  3777 | D:5      | 3777 ||| STAIRDANCE
  3781 | D:5      | 3781 ||| STAIRDANCE
  3785 | D:5      | 3785 ||| STAIRDANCE
  3789 | D:5      | 3789 ||| STAIRDANCE
  3793 | D:5      | 3793 ||| STAIRDANCE
  3797 | D:5      | 3797 ||| STAIRDANCE
  3801 | D:5      | 3801 ||| STAIRDANCE
  3805 | D:5      | 3805 ||| STAIRDANCE
  3809 | D:5      | 3809 ||| STAIRDANCE
  3813 | D:5      | 3813 ||| STAIRDANCE
  3817 | D:5      | 3817 ||| STAIRDANCE
  3821 | D:5      | 3821 ||| STAIRDANCE
  3825 | D:5      | 3825 ||| STAIRDANCE
  3829 | D:5      | 3829 ||| STAIRDANCE
  3833 | D:5      | 3833 ||| STAIRDANCE
  3844 | D:4      | 3844 ||| Stepping randomly (stuck).
  3871 | D:5      | 3871 ||| INVOKING Spit Poison.
  3874 | D:5      | 3874 ||| INVOKING Spit Poison.
  3903 | D:5      | 3903 ||| INVOKING Spit Poison.
  3906 | D:5      | Reached XP level 7. HP: 46/64 MP: 7/7
  4021 | D:5      | 4021 ||| INVOKING Spit Poison.
  4025 | D:5      | 4025 ||| INVOKING Spit Poison.
  4069 | D:5      | Found a runed translucent door.
  4070 | D:5      | Noticed Crazy Yiuf
  4202 | D:5      | 4202 ||| INVOKING Spit Poison.
  4205 | D:5      | 4205 ||| INVOKING Spit Poison.
  4210 | D:5      | 4210 ||| INVOKING Spit Poison.
  4216 | D:5      | 4216 ||| INVOKING Spit Poison.
  4330 | D:5      | 4330 ||| INVOKING Spit Poison.
  4333 | D:5      | Reached * piety under Okawaru
  4335 | D:5      | 4335 ||| INVOKING Spit Poison.
  4338 | D:5      | 4338 ||| INVOKING Spit Poison.
  4341 | D:5      | 4341 ||| INVOKING Spit Poison.
  4346 | D:5      | 4346 ||| INVOKING Spit Poison.
  4349 | D:5      | 4349 ||| INVOKING Spit Poison.
  4465 | D:5      | 4465 ||| INVOKING Spit Poison.
  4469 | D:5      | 4469 ||| INVOKING Spit Poison.
  4490 | D:5      | 4490 ||| INVOKING Spit Poison.
  4576 | D:5      | 4576 ||| INVOKING Spit Poison.
  4577 | D:5      | 4577 ||| Stepping ~*~*~tactically~*~*~ (outnumbered).
  4579 | D:5      | 4579 ||| INVOKING Spit Poison.
  4584 | D:5      | 4584 ||| INVOKING Spit Poison.
  4587 | D:5      | Reached skill level 1 in Invocations
  4587 | D:5      | 4587 ||| INVOKING Spit Poison.
  4775 | D:5      | 4775 ||| READING 2 scrolls labelled COSHAINLYI.
  4776 | D:5      | 4776 ||| READING scroll of enchant weapon.
  4776 | D:5      | 4776 ||| ENCHANTING +1 shortbow.
  4777 | D:5      | 4777 ||| DRINKING 2 silvery potions.
  4847 | D:6      | Reached skill level 7 in Ranged Weapons
  4865 | D:6      | You fall into a shaft and drop 1 floor!
  4865 | D:7      | Found a hide-covered altar of Uskayaw.
  4874 | D:7      | Found a shimmering blue altar of Sif Muna.
  4877 | D:7      | Found a bloodstained altar of Trog.
  4880 | D:7      | Found a shadowy altar of Dithmenos.
  4881 | D:7      | 4881 ||| Stepping ~*~*~tactically~*~*~ (outnumbered).
  4882 | D:7      | 4882 ||| INVOKING Spit Poison.
  4885 | D:7      | 4885 ||| INVOKING Spit Poison.
  4888 | D:7      | 4888 ||| INVOKING Spit Poison.
  4894 | D:7      | 4894 ||| INVOKING Spit Poison.
  4894 | D:7      | Noticed a hornet
  4898 | D:7      | 4898 ||| INVOKING Spit Poison.
  4899 | D:7      | Paralysed by a hornet for 2 turns
  4901 | D:7      | 4901 ||| INVOKING Heroism.
  4904 | D:7      | 4904 ||| INVOKING Spit Poison.
  4904 | D:7      | Noticed Duvessa
  4904 | D:7      | HP: 7/64 [hornet (11)]
  4905 | D:7      | 4905 ||| READING 3 scrolls of teleportation.
  4905 | D:7      | Slain by a hornet

Levels and vault maps discovered:
D:1:      onia_arrival_mini_maze, layout_basic, serial_shops,
          nicolae_shop_hallway_plus
D:2:      layout_rooms, serial_shops, nicolae_shop_statue_plus,
          minmay_randomly_rotated_circles
D:3:      layout_basic, ebering_ecumenical_altar_mist
D:4:      layout_layer_cave, minmay_temple_entry_purple_smoke,
          minmay_misc_feat_alley, chequers_decorated_corner,
          nicolae_shop_distant_corner_stores
D:5:      layout_basic, uniq_crazy_yiuf_cottage
D:6:      layout_basic, kennysheep_generic_room_13
D:7:      layout_basic, cheibriados_altar_1, grunt_temple_overflow_cloverleaf,
          kennysheep_mini, uniq_duvessa
Temple:   minmay_temple_curvy_branch

Skill      XL: |  1  2  3  4  5  6  7 |
---------------+----------------------+-----
Ranged Weapons | 4 5 6 7 |  7.3
Armour         | 1 |  1.5
Fighting       | 3 4 |  4.2
Invocations    | 1 |  1.9
Dodging        | |  1.5
Stealth        | |  1.5

Action                     |  1- 3 |  4- 6 |  7- 9 || total
---------------------------+-------+-------+-------++-------
   Fire: Shortbow          |    71 |    94 |    74 ||   239
 Invoke: Heroism           |       |       |     1 ||     1
Ability: Spit Poison       |    25 |    26 |    25 ||    76
    Use: Scroll            |     5 |     7 |     3 ||    15
         Potion            |       |     1 |     1 ||     2
 Armour: Leather armour    |    11 |    81 |    34 ||   126
  Dodge: Dodged            |    25 |    36 |    20 ||    81

Table legend:
 A = Non-vault XP
 B = Vault XP
 C = Vault XP percentage of total XP
 D = Non-vault monster count
 E = Vault monster count
 F = Vault count percentage of total count
                 A         B        C        D         E       F
            +---------+---------+-------+---------+---------+-------
      Total |    1129 |      11 |   1.0 |      78 |       6 |   7.1
            +---------+---------+-------+---------+---------+-------
        D:1 |      18 |       0 |   0.0 |       9 |       0 |   0.0
        D:2 |      52 |      11 |  17.5 |      23 |       6 |  20.7
        D:3 |       5 |       0 |   0.0 |       4 |       0 |   0.0
        D:4 |     447 |       0 |   0.0 |      21 |       0 |   0.0
        D:5 |     402 |       0 |   0.0 |      17 |       0 |   0.0
        D:6 |      43 |       0 |   0.0 |       1 |       0 |   0.0
        D:7 |     162 |       0 |   0.0 |       3 |       0 |   0.0
            +---------+---------+-------+---------+---------+-------
